 Dungeon Crawl Stone Soup version 0.19-a0-1013-g40768a3 (webtiles) character file.

249 Gagarin the Skirmisher (level 5, -1/48 HPs)
             Began as a Minotaur Berserker on July 24, 2016.
             Was a Priest of Trog.
             Killed from afar by an orc wizard (10 damage)
             ... with a puff of flame
             ... on level 4 of the Dungeon.
             The game lasted 00:04:51 (2416 turns).

Gagarin the Skirmisher (Minotaur Berserker)         Turns: 2416, Time: 00:04:53

Health: -1/48      AC:  3    Str: 23    XL:     5   Next: 86%
Magic:  4/4        EV: 13    Int:  4    God:    Trog [***...]
Gold:   117        SH:  0    Dex:  9    Spells: 0 memorised, 4 levels left

rFire  . . .     SeeInvis .     a - +0 hand axe
rCold  . . .     Gourm    .     y - +0 leather armour
rNeg   . . .     Faith    .     (no shield)
rPois  .         Spirit   .     (helmet restricted)
rElec  .         Dismiss  .     (no cloak)
rCorr  .         Reflect  .     (no gloves)
SustAt .         Harm     .     (no boots)
MR     .....                    (no amulet)
Stlth  +.........               (no ring)
                                (no ring)

@: lethally poisoned (-1 -> -2), exhausted, slowed, very slow, not resistant to
hostile enchantments, very unstealthy
A: retaliatory headbutt, horns 2
a: Berserk, Trog's Hand, Burn Spellbooks, Renounce Religion


You were on level 4 of the Dungeon.
You worshipped Trog.
Trog was most pleased with you.
You were hungry.

You visited 1 branch of the dungeon, and saw 4 of its levels.

You collected 117 gold pieces.

Inventory:

Hand Weapons
 a - a +0 hand axe (weapon)
Missiles
 h - 20 arrows
 x - 5 tomahawks of returning (quivered)
Armour
 y - a +0 leather armour (worn)
Jewellery
 e - an uncursed amulet of the gourmand {unknown}
 i - a cursed -6 ring of evasion {unknown}
 o - an uncursed ring of protection from magic {unknown}
 q - an uncursed ring of resist corrosion {unknown}
 r - a +3 ring of evasion {unknown}
Scrolls
 b - a scroll of fog {unknown}
 j - a scroll of amnesia {unknown}
 k - a scroll of noise {unknown}
 n - a scroll of identify {unknown}
 p - a scroll of enchant weapon {unknown}
 s - a scroll of immolation {unknown}
 B - a scroll of blinking {unknown}
 C - a scroll of remove curse {unknown}
Potions
 d - a potion of berserk rage
 f - 2 potions of magic {unknown}
 l - 2 potions of cancellation {unknown}
 m - a potion of haste {unknown}
 t - a potion of degeneration {unknown}
 u - a potion of heal wounds {unknown}
 v - 2 potions of resistance {unknown}
 w - a potion of curing {unknown}
Comestibles
 c - 2 bread rations
 g - 2 meat rations
 z - a slice of pizza
 A - 2 chunks of flesh


   Skills:
 + Level 5.0 Fighting
 + Level 5.0 Axes
 + Level 2.6 Armour
 + Level 4.9 Dodging
 + Level 0.5 Stealth


You had 4 spell levels left.
You didn't know any spells.

Dungeon Overview and Level Annotations

Branches:
Dungeon (4/15)
 Temple: D:4-7

Altars:
Elyvilon
Fedhas
Makhleb
The Shining One


Innate Abilities, Weirdness & Mutations

You reflexively headbutt those who attack you in melee.
You have a pair of horns on your head.


Message History

* * * LOW HITPOINT WARNING * * *
You miss the orc wizard. Your headbutt misses the orc wizard.
The orc wizard is heavily wounded.
You closely miss the hound.
You feel sick. The hound barely misses you. The orc wizard barely misses you.
The hound misses you.
You closely miss the orc wizard.
The orc wizard is heavily wounded.
You slash the hound!
You are no longer berserk.
You are exhausted.
You feel yourself slow down.
You are feeling hungry.
The hound bites you.
* * * LOW HITPOINT WARNING * * *
It was a potion of berserk rage.
You're too exhausted to go berserk.
The orc wizard looks braver for a moment.
The hound completely misses you.
The orc wizard gestures at you while chanting.
The puff of flame hits you!
You die...

#.. #. #(.. .. .. #...
#.# ... #... ##.##.#
#...#+#.....##
#............#
#....).......#
#.....h......#
#.....@....##
##...†o....# ##
#.........##### #.
#....####.....# #.
#....##....##.##### #.
#....##.##.##.#...###.
#....##.##.#.......#..
#.............#.......
#.....##.#....#.....).


You could see a hound and an orc wizard.

Vanquished Creatures
  2 orc priests
  2 orc wizards
  A worker ant (D:3)
  4 adders
  An ooze (D:3)
  A worm (D:2)
  2 dart slugs (D:1)
  A giant gecko (D:4)
  5 orcs
  A ball python (D:1)
  7 bats
  2 giant cockroaches
  4 goblins
  10 hobgoblins
  4 jackals (D:2)
  8 kobolds
  6 giant newts
  5 rats
66 creatures vanquished.

Notes
Turn   | Place    | Note
-------+----------+-------------------------------------------
     0 | D:1      | Gagarin the Minotaur Berserker began the quest for the Orb.
     0 | D:1      | Reached XP level 1. HP: 19/19 MP: 0/0
   223 | D:1      | Reached XP level 2. HP: 27/27 MP: 1/1
  1195 | D:2      | Reached XP level 3. HP: 25/34 MP: 2/2
  1199 | D:2      | Reached ** piety under Trog
  1576 | D:2      | Found a blossoming altar of Fedhas.
  1579 | D:2      | Found a white marble altar of Elyvilon.
  1582 | D:2      | Found a burning altar of Makhleb.
  1619 | D:2      | Found a glowing golden altar of the Shining One.
  1808 | D:3      | Reached XP level 4. HP: 36/41 MP: 3/3
  2034 | D:3      | Reached XP level 5. HP: 47/47 MP: 4/4
  2404 | D:4      | Reached *** piety under Trog
  2407 | D:4      | Reached skill level 5 in Fighting
  2411 | D:4      | Reached skill level 5 in Axes
  2416 | D:4      | Killed from afar by an orc wizard

Vault maps used:
D:1:      scummos_arrival_simple_fountains
D:2:      nicolae_tso_carved_into_rock, grunt_temple_overflow_diamond
D:4:      kennysheep_mini_moat, first_bread

Skill      XL: |  1  2  3  4  5 |
---------------+----------------+-----
Fighting       | 4 5 |  5.0
Axes           | 4 5 |  5.0
Dodging        | 3 4 |  4.9
Armour         | |  2.6
Stealth        | |  0.5

Action                   |  1- 3 |  4- 6 || total
-------------------------+-------+-------++-------
Melee: Hand axe          |    90 |    50 ||   140
       Headbutt          |     6 |    11 ||    17
Invok: Berserk           |     1 |     2 ||     3
  Use: Potion            |       |     1 ||     1
  Eat: Chunk             |     4 |     3 ||     7
Armor: Animal skin       |    15 |     2 ||    17
       Leather armour    |       |     7 ||     7
Dodge: Dodged            |    57 |    40 ||    97
